cohdb
Replays
Latest Replays
All Replays
Popular Replays
Top Player Replays
Match Explorer
How It Works
Community
CoH3 Stats
Reddit
Sign in to upload your games and track your stats! →
Sign in with Steam
Match 46790517
Unlisted
Match 46790517
Overview
Messages
Build Orders
End
Panzerpioneer Squad
Panzergrenadier Squad
250 Light Carrier
Construct Light Support Kompanie
Selects Panzerjäger Kommand Battlegroup
Selects Blockade Equipment
Assault Grenadier Squad
Combat Half-tracks
2.5-tonne Medical Truck
Construct Mechanized Kompanie
Support Armor Elements
StuG III D Assault Gun
Selects Defensive Positions
Selects Tank Busters
StuG III D Assault Gun
Vehicle Survival Package
StuG III D Assault Gun
Emergency Repair Kits
Construct Panzerarmee Kommand
Walking Stuka Rocket Launcher
Serika
Adult Asthma Is A Choice
Not Emily Willis™
Arwootarch
Johnny_Utah
BazookaJoe
0
0
Comments
sign in to comment!
No comments posted yet!